 Dungeon Crawl Stone Soup version 0.27.1-16-g815e20cd7a (webtiles) character file.

Game seed: 13599123918308547653

27 McKennaii the Magician (level 3, 0/26 HPs)
             Began as a Djinni Fire Elementalist on Nov 21, 2021.
             Slain by an adder (4 damage)
             ... on level 2 of the Dungeon.
             The game lasted 00:01:38 (1573 turns).

McKennaii the Magician (Djinni Fire Elementalist)   Turns: 1573, Time: 00:01:39

Health: 0/26       AC:  2    Str:  7    XL:     3   Next: 25%
Gold:   20         EV: 12    Int: 17    God:
                   SH:  0    Dex: 13

rFire    + + .     SeeInvis .   (no weapon)
rCold    x . .     Faith    .   (no shield)
rNeg     . . .     Spirit   .   a - +0 robe
rPois    ∞         Reflect  .   (no helmet)
rElec    .         Harm     .   (no cloak)
rCorr    .         Rampage  .   (no gloves)
Will     .....                  (boots unavailable)
Stlth    ++........             (no amulet)
HPRegen  0.08/turn              (no ring)
MPRegen  0.00/turn              (no ring)

@: flying
A: sickness immunity, fire resistance 2, cold vulnerability 1, float, innate
caster, hp casting, extra vitality 1
a: no special abilities


You were on level 2 of the Dungeon.
You visited 1 branch of the dungeon, and saw 2 of its levels.

You collected 20 gold pieces.

Inventory:

Armour
 a - a +0 robe (worn)
Jewellery
 g - an amulet of reflection
Scrolls
 c - a scroll of enchant weapon {unknown}
 d - a scroll of teleportation {unknown}
 e - a scroll of amnesia {unknown}
 f - a scroll of identify {unknown}
Potions
 b - 2 potions of curing {unknown}
 h - a potion of haste {unknown}
 i - a potion of degeneration {unknown}


   Skills:
 * Level 0.6 Fighting
 * Level 2.4 Dodging
 + Level 1.6 Stealth
 * Level 3.0 Spellcasting


You couldn't memorise any spells.
You knew the following spells:

 Your Spells              Type           Power      Damage    Failure   Level
a - Foxfire               Conj/Fire      52%        2x1d6     4%          1
b - Conjure Flame         Conj/Fire      13%        6-21      14%         3
c - Inner Flame           Hex/Fire       13%        N/A       14%         3
d - Sticky Flame          Conj/Fire      13%        2d4       43%         4
e - Fireball              Conj/Fire      6%         3d5       80%         5
f - Shock                 Conj/Air       52%        1d6       4%          1
Your spell library was empty.

Dungeon Overview and Level Annotations

Branches:
Dungeon (2/15)

Altars:


Innate Abilities, Weirdness & Mutations

You are immune to sickness and miasma.
You are immune to poison.
Your flesh is very heat resistant. (rF++)
You are vulnerable to cold. (rC-)
You float through the air rather than walking.
You learn spells naturally, not from books.
Your magical power is your life essence.
You have superior vitality. (+4 HP)


Message History

An adder comes into view.
An adder is nearby!
The zap misses the adder.
The zap misses the adder.
An adder is nearby!
The zap misses the adder.
The zap hits the adder.
The adder is lightly wounded.
The adder bites you.
An adder is nearby!
The zap misses the adder.
The adder bites you.
The zap misses the adder.
The adder bites you.
You are too injured to fight recklessly!
You are too injured to fight recklessly!
You are too injured to fight recklessly!
Sorry, you're not good enough to have a special ability.
The adder closely misses you. The adder bites you.
Casting: Shock (safe; 4% risk of failure)
Confirm with . or Enter, or press ? or * to list all spells.
You conjure some foxfire!
The adder bites you. x2
* * * LOW HITPOINT WARNING * * *
The foxfire hits the adder but does no damage.
The adder is lightly wounded.
The foxfire hits the adder.
The adder is lightly wounded.
Casting: Foxfire (safe; 4% risk of failure)
Confirm with . or Enter, or press ? or * to list all spells.
You conjure some foxfire!
* * * LOW HITPOINT WARNING * * *
The adder misses you. The adder barely misses you.
Your foxfire dissipates!
The foxfire hits the adder.
The adder is severely wounded.
Casting: Foxfire (safe; 4% risk of failure)
Confirm with . or Enter, or press ? or * to list all spells.
You conjure some foxfire!
* * * LOW HITPOINT WARNING * * *
The adder bites you.
You die...

#.#####..............###.##
#......##.##...#.#.......##
######.##.###..............
#.##.# ###............
#†##># #..########.#
#.##.#####..###### #>#
#.##.##..........# .#
#.##.vv.....### .#
#....@S.##.## # .#
#..#######.# #.# #..
######.###...## #.
#.............. #.
#.#.#.P..#..## #
#..P......# #.........#
#.#....#..# .......##..#


You could see an adder (ally target).

Vanquished Creatures
  A worm (D:2)
  An endoplasm (D:1)
  3 goblins (D:1)
  2 hobgoblins
  2 jackals (D:2)
  2 quokkas
  3 ball pythons (D:1)
  A ball python skeleton (D:2)
  2 bats (D:1)
  6 rats (D:1)
23 creatures vanquished.

Vanquished Creatures (collateral kills)
  3 foxfires (D:2)
3 creatures vanquished.

Vanquished Creatures (others)
  73 foxfires
  7 withered plants (D:2)
80 creatures vanquished.

Grand Total: 106 creatures vanquished

Notes
Turn   | Place    | Note
-------+----------+-------------------------------------------
     0 | D:1      | McKennaii the Djinni Fire Elementalist began the quest for
                  | the Orb.
     0 | D:1      | Reached XP level 1. HP: 15/15 MP: 0/0
   423 | D:1      | Found a faded altar of an unknown god.
   442 | D:1      | Reached XP level 2. HP: 19/21 MP: 0/0
  1109 | D:2      | Reached XP level 3. HP: 7/26 MP: 0/0
  1109 | D:2      | Learned a level 1 spell: Shock
  1400 | D:2      | Reached skill level 3 in Spellcasting
  1573 | D:2      | Slain by an adder

Illustrated notes

Levels and vault maps discovered:
D:1:      co_arrival_square_in_a_square_in_a_square, layout_basic,
          basic_ecumenical_altar, minmay_misc_feat_alley, st_stairs_6
D:2:      layout_loops_ring, serial_undead, serial_undead_d, serial_undead_b,
          serial_undead_c, serial_undead_b, serial_undead_e, serial_undead_a,
          serial_undead_a

Skill      XL: |  1  2  3 |
---------------+----------+-----
Spellcasting   | 3 |  3.0
Fighting       | |  0.6
Dodging        | |  2.4
Stealth        | |  1.6

Action                   || total
-------------------------++-------
Melee: Unarmed           ||     1
 Cast: Foxfire           ||    53
       Shock             ||    18
Armor: Robe              ||     2
Dodge: Dodged            ||     7
